Map: Acropolis LE

Players

Darun - Winner!

  • Race: Zerg Zerg
  • League: Platinum
  • Spawn Location: 5:00

Woah

  • Race: Terran Terran
  • Spawn Location: 11:00

VOD

Have the link to the VOD?

Description

Time

  • Played on: June 11, 2019, 7:46 p.m.
  • Length: 42:09
Show
View Real Time Build Order
Export as new Build Order

Darun Zerg - Winner!

Build Orders: Pool First 

Get SALT Encoding   

  12  0:01  Drone  
  13  0:08  Drone  
  14  0:15  Extractor  
  14  0:16  Drone  
  14  0:33  Spawning Pool  
  13  0:36  Drone  
  13  0:42  Extractor, Drone  
  15  0:51  Overlord  
  15  1:20  Queen, Zergling x6  
  20  1:26  Metabolic Boost  
  20  1:31  Drone  
  21  1:55  Hatchery  
  21  2:01  Queen  
  22  2:09  Overlord  
  22  2:29  Drone x4  
  25  2:45  Drone x3  
  28  2:59  Drone  
  29  3:10  Drone  
  29  3:21  Lair  
  29  3:24  Hatchery  
  29  3:25  Queen  
  30  3:30  Zergling x4  
  32  3:34  Drone  
  32  3:35  Drone x2  
  35  3:45  Roach Warren  
  34  3:52  Evolution Chamber  
  33  3:55  Overlord  
  33  3:57  Overlord  
  33  4:12  Queen  
  35  4:20  Zerg Missile Weapons Level 1  
  35  4:25  Overseer  
  35  4:29  Drone x5  
  35  4:30  Drone  
  41  4:41  Spore Crawler  
  41  4:43  Zergling x8  
  44  5:01  Baneling Nest  
  43  5:10  Drone x5  
  43  5:11  Overlord, Drone x2  
  43  5:12  Overlord  
  50  5:22  Spore Crawler x2  
  50  5:27  Overlord  
  48  5:29  Overlord  
  47  5:39  Roach x4  
  55  6:06  Roach x5  
  55  6:07  Zergling x12  
  71  6:14  Drone x3  
  71  6:15  Extractor  
  73  6:21  Zergling x8  
  73  6:22  Zergling x2  
  78  6:28  Glial Reconstitution  
  78  6:32  Zergling x8  
  80  7:02  Centrifical Hooks, Hatchery  
  80  7:04  Drone x2  
  80  7:05  Overlord  
  80  7:06  Overlord x3  
  81  7:29  Overseer x2  
  81  7:30  Overseer  
  81  7:33  Extractor  
  81  7:34  Extractor, Drone x3  
  81  7:36  Drone x2  
  85  7:37  Drone  
  85  7:40  Overlord x3  
  85  7:45  Zergling x4  
  85  7:46  Zergling x8  
  91  8:00  Zerg Ground Armor Level 1  
  91  8:04  Drone x3  
  91  8:05  Drone x4  
  98  8:06  Drone  
  99  8:22  Drone  
  99  8:23  Drone x6  
  99  8:24  Drone x3  
  109  8:49  Spore Crawler  
  109  8:52  Hatchery, Spine Crawler  
  109  8:55  Baneling x3  
  106  8:56  Baneling x12  
  106  8:57  Zergling x2  
  106  8:58  Zergling x10  
  112  9:06  Spire  
  111  9:10  Infestation Pit  
  111  9:14  Drone x3  
  111  9:15  Drone  
  114  9:34  Extractor  
  114  9:35  Drone x4  
  114  9:36  Extractor  
  114  9:37  Drone x3  
  119  9:42  Drone x6  
  119  9:43  Drone x3  
  128  9:49  Hive  
  128  9:54  Zerg Melee Weapons Level 1, Spine Crawler  
  128  9:58  Spore Crawler  
  128  9:59  Spine Crawler  
  125  10:01  Pneumatized Carapace  
  125  10:11  Baneling x7  
  125  10:12  Baneling x11  
  125  10:13  Zergling x12  
  125  10:14  Zergling x8  
  114  10:41  Zergling x2  
  114  10:42  Zergling x24  
  127  10:43  Zergling x18  
  136  11:08  Greater Spire  
  136  11:14  Adrenal Glands  
  136  11:16  Overlord x4  
  136  11:20  Corruptor  
  136  11:21  Hydralisk Den, Corruptor x5  
  147  11:27  Drone  
  147  11:28  Extractor x2, Drone x2  
  147  11:32  Drone  
  149  11:35  Drone x2  
  149  11:36  Drone  
  149  11:37  Drone x7  
  149  11:38  Drone  
  160  11:49  Zerg Melee Weapons Level 2  
  160  11:53  Ultralisk Cavern  
  159  11:55  Overlord x4  
  159  12:10  Hatchery  
  158  12:22  Hatchery  
  152  12:43  Overlord  
  152  12:44  Overlord  
  152  12:45  Overlord  
  152  12:46  Overlord  
  152  12:49  Overlord  
  152  12:50  Overlord  
  152  12:56  Corruptor x3  
  152  12:57  Corruptor  
  160  12:58  Zerg Flyer Weapons Level 1  
  160  13:09  Pathogen Glands  
  160  13:11  Burrow  
  160  13:13  Chitinous Plating  
  160  13:16  Muscular Augments  
  160  13:17  Hydralisk x5  
  160  13:18  Hydralisk x2  
  174  13:28  Ultralisk  
  180  13:52  Spore Crawler  
  180  13:53  Spine Crawler  
  178  14:05  Spore Crawler, Zerg Ground Armor Level 2  
  178  14:06  Spore Crawler, Neural Parasite, Spine Crawler  
  178  14:08  Spine Crawler  
  178  14:09  Hatchery, Overlord  
  173  14:13  Hatchery  
  172  14:23  Zergling x26  
  172  14:24  Zergling x22  
  192  14:28  Grooved Spines  
  196  14:32  Anabolic Synthesis  
  133  15:28  Ultralisk x5  
  133  15:29  Hydralisk, Ultralisk x3  
  133  15:30  Hydralisk x11  
  187  15:38  Baneling x3  
  187  15:39  Baneling  
  187  15:40  Baneling x5  
  180  16:05  Drone x5  
  180  16:06  Drone  
  186  16:26  Extractor  
  186  16:28  Extractor  
  184  16:33  Extractor  
  184  16:34  Extractor, Drone x3  
  184  16:36  Drone x3  
  188  16:48  Zergling x2  
  188  16:49  Zergling x20  
  188  16:50  Zergling x2  
  197  17:10  Zergling x2  
  198  17:15  Hatchery  
  198  17:16  Drone  
  198  17:19  Drone  
  196  17:45  Spore Crawler x2, Spine Crawler  
  196  17:48  Spore Crawler, Spine Crawler x2  
  176  18:08  Corruptor x3  
  176  18:09  Corruptor x6  
  176  18:10  Corruptor x2  
  198  18:20  Spore Crawler x2  
  198  18:25  Zerg Flyer Armor Level 1  
  196  18:27  Zerg Ground Armor Level 3  
  196  18:34  Extractor  
  196  18:35  Extractor, Drone x3  
  196  18:36  Drone x2  
  199  18:45  Spore Crawler  
  199  18:46  Spore Crawler  
  199  18:47  Spore Crawler  
  199  18:48  Spore Crawler  
  195  19:09  Spore Crawler  
  194  19:11  Spore Crawler, Infestor x2  
  194  19:12  Infestor x2, Spine Crawler  
  198  20:06  Infestor  
  198  20:14  Spine Crawler  
  199  20:16  Spine Crawler  
  199  20:17  Overseer x4, Spine Crawler  
  199  20:19  Zerg Flyer Weapons Level 2  
  197  20:26  Spire  
  196  20:28  Ultralisk Cavern  
  196  20:34  Spawning Pool  
  193  20:54  Hatchery  
  192  20:59  Infestor x2  
  192  21:00  Infestor x2  
  192  21:04  Zerg Missile Weapons Level 2  
  187  21:38  Zerg Flyer Armor Level 2  
  185  22:17  Zergling x26  
  185  22:18  Zergling x4  
  200  22:22  Lair  
  200  22:30  Overlord  
  200  23:20  Zerg Melee Weapons Level 3  
  177  24:05  Zergling x2  
  177  24:06  Zergling x40  
  148  24:38  Corruptor x13  
  132  24:39  Corruptor x2  
  160  24:47  Corruptor x6  
  172  24:57  Hydralisk x7  
  156  25:25  Corruptor x4  
  146  25:40  Hydralisk x2  
  146  25:41  Hydralisk  
  132  26:04  Corruptor x2  
  129  26:24  Hydralisk x4  
  137  26:36  Infestor  
  139  26:43  Corruptor x2  
  143  26:58  Corruptor x4  
  151  27:11  Drone x4  
  151  27:12  Drone x4  
  159  27:29  Infestor x3  
  161  27:30  Infestor x4  
  173  27:53  Hatchery  
  172  28:03  Corruptor x4  
  172  28:04  Corruptor x2  
  184  28:17  Drone x3  
  187  28:20  Drone x2  
  179  29:17  Corruptor x5  
  179  29:18  Corruptor x3  
  179  29:23  Overseer  
  195  29:40  Hatchery, Extractor  
  195  29:44  Extractor  
  192  29:47  Drone x2  
  192  29:52  Queen  
  196  29:53  Queen  
  196  29:58  Zerg Flyer Armor Level 3  
  198  30:00  Zerg Missile Weapons Level 3  
  198  30:01  Ultralisk  
  198  30:08  Infestor  
  192  30:27  Queen  
  184  31:38  Zergling x2  
  184  31:39  Zergling x28  
  155  32:35  Zerg Flyer Weapons Level 3  
  153  32:40  Brood Lord x2  
  153  32:41  Brood Lord x4  
  165  32:57  Hydralisk, Ultralisk x4  
  165  32:58  Hydralisk x4  
  176  34:27  Corruptor x2  
  176  34:28  Corruptor x5  
  182  34:35  Hydralisk  
  182  34:36  Hydralisk x7  
  182  34:37  Hydralisk  
  196  34:50  Hatchery  
  195  34:53  Extractor  
  195  34:55  Extractor  
  195  34:57  Drone x2  
  195  34:58  Drone x3  
  198  35:07  Overseer  
  200  35:14  Brood Lord  
  200  36:14  Spore Crawler  
  200  36:15  Spine Crawler  
  200  36:17  Spine Crawler  
  196  36:19  Spore Crawler  
  196  36:20  Spine Crawler  
  190  36:40  Brood Lord x3  
  190  36:41  Brood Lord  
  198  36:53  Overlord  
  198  36:57  Hatchery  
  177  37:47  Hydralisk x3  
  177  37:48  Hydralisk x3  
  189  37:57  Brood Lord x5  
  199  38:09  Spore Crawler, Spine Crawler  
  181  40:27  Brood Lord x2  
  181  40:28  Brood Lord x3  
  191  41:22  Extractor  
  191  41:23  Extractor, Drone x3  
Show
View Real Time Build Order
Export as new Build Order

Woah Terran 

Build Orders: Reaper Expand 

Get SALT Encoding   

  12  0:01  SCV  
  13  0:13  SCV  
  14  0:18  Supply Depot  
  14  0:25  SCV  
  15  0:39  SCV  
  15  0:41  Barracks  
  16  0:44  Refinery  
  16  0:51  SCV  
  17  1:03  SCV  
  18  1:15  SCV  
  19  1:27  Orbital Command  
  19  1:28  Reaper  
  20  1:44  Command Center  
  20  1:54  Barracks  
  20  1:57  SCV  
  20  2:01  Barracks Reactor  
  21  2:07  Supply Depot  
  21  2:13  Refinery  
  21  2:15  SCV  
  21  2:39  Command Center  
  21  2:40  Marine x2  
  16  3:11  Barracks Tech Lab  
  14  3:13  Factory  
  14  3:14  Marine x2  
  14  3:18  SCV, Command Center  
  17  3:31  SCV  
  18  3:45  Stimpack, Marine  
  18  3:46  Marine  
  20  3:50  Marine  
  20  3:54  SCV  
  22  4:06  Starport  
  22  4:10  SCV  
  23  4:20  Factory Reactor  
  23  4:21  Marine  
  23  4:23  SCV  
  25  4:25  Marine  
  25  4:27  Marine  
  27  4:40  Orbital Command  
  27  4:41  Marine  
  28  4:46  SCV  
  28  4:48  Marine  
  30  4:55  Orbital Command  
  30  5:05  Medivac x2  
  34  5:09  SCV  
  34  5:10  Marine  
  34  5:11  Marine  
  37  5:17  Marine  
  37  5:21  SCV  
  39  5:23  Factory Tech Lab  
  39  5:24  SCV  
  40  5:42  Supply Depot  
  40  5:44  Engineering Bay  
  40  5:47  Engineering Bay  
  40  5:48  SCV  
  41  5:50  SCV  
  42  6:00  SCV  
  43  6:08  Supply Depot  
  43  6:11  Terran Infantry Weapons Level 1  
  43  6:13  Terran Infantry Armor Level 1  
  43  6:15  SCV x2  
  45  6:22  Siege Tank  
  45  6:25  Combat Shield  
  48  6:27  SCV  
  42  6:49  Medivac  
  42  6:50  SCV  
  42  6:53  Command Center  
  45  6:57  Barracks  
  45  7:01  Barracks  
  45  7:17  SCV x2  
  45  7:21  Siege Tank  
  50  7:29  SCV x2  
  51  7:32  Armory  
  51  7:33  Barracks  
  51  7:35  Marauder  
  53  7:41  SCV, Supply Depot  
  54  7:44  SCV  
  55  7:52  Refinery  
  55  7:53  SCV, Refinery  
  55  7:55  Barracks Reactor, Barracks Tech Lab  
  55  7:56  SCV  
  57  8:05  SCV  
  57  8:08  SCV  
  59  8:17  SCV  
  60  8:20  SCV  
  60  8:21  Terran Infantry Weapons Level 2  
  60  8:25  Orbital Command  
  60  8:26  Marine  
  61  8:27  Marine x3  
  61  8:30  SCV  
  61  8:33  SCV  
  68  8:40  Marine  
  69  8:42  SCV, Barracks Reactor  
  69  8:44  Marine  
  69  8:45  SCV, Terran Infantry Armor Level 2, Marine  
  72  8:54  Siege Tank  
  75  9:03  Barracks  
  75  9:11  SCV x3  
  78  9:18  Barracks x2  
  78  9:19  Barracks x2  
  78  9:23  SCV x2  
  78  9:24  SCV  
  81  9:30  Supply Depot  
  81  9:31  Supply Depot  
  81  9:32  Viking, Medivac  
  85  9:42  Missile Turret  
  85  9:43  Missile Turret  
  85  9:45  Missile Turret  
  85  9:52  SCV x3, Siege Tank  
  91  10:04  SCV, Command Center  
  92  10:13  SCV x2  
  94  10:16  SCV  
  95  10:23  Medivac  
  95  10:24  Medivac  
  95  10:25  SCV x2  
  83  10:28  SCV  
  83  10:32  Siege Tank  
  83  10:33  Marauder x2, Marine x2  
  83  10:34  Marine x4  
  90  10:37  SCV  
  91  10:43  Bunker  
  91  10:44  Bunker  
  91  10:45  Refinery x2  
  91  10:51  Marine  
  91  10:52  Barracks  
  94  10:57  Barracks  
  94  10:59  Marine x5  
  100  11:07  Terran Infantry Weapons Level 3  
  99  11:15  Terran Infantry Armor Level 3  
  97  11:19  Bunker  
  97  11:20  Planetary Fortress  
  97  11:21  Marauder  
  97  11:23  Marine x2  
  101  11:28  Viking  
  101  11:31  Viking  
  105  11:42  Barracks Reactor  
  105  11:48  Starport  
  105  11:51  Starport  
  105  11:52  Barracks Reactor  
  105  12:09  Viking x2  
  105  12:11  Marauder x2  
  113  12:18  Terran Ship Weapons Level 1  
  91  12:41  Marauder x2, Marine  
  91  12:42  Marine x9  
  105  12:44  Viking x3  
  105  12:45  Viking  
  113  12:59  Marine x3, Supply Depot  
  116  13:06  Missile Turret  
  116  13:13  Missile Turret  
  116  13:15  Starport Reactor, Starport Tech Lab, Marine x4  
  116  13:16  Viking, Marauder, Marine  
  116  13:18  Supply Depot  
  125  13:20  Fusion Core  
  125  13:29  SCV x4, Command Center  
  125  13:33  Marauder, Marine  
  125  13:34  Marine x8  
  136  13:39  Marine  
  136  13:40  Marauder  
  136  13:41  SCV x2  
  144  13:44  Barracks  
  144  13:45  Barracks  
  145  13:58  Armory x2  
  145  14:03  Refinery  
  145  14:05  Command Center, Refinery  
  145  14:07  Missile Turret  
  145  14:16  Viking  
  147  14:24  Supply Depot  
  147  14:25  Supply Depot  
  147  14:40  Viking x3  
  147  14:41  Battlecruiser, Marine  
  147  14:42  Marine x3  
  147  14:45  Marine x7  
  170  15:01  Sensor Tower  
  170  15:05  Sensor Tower  
  150  15:16  Liberator  
  150  15:17  Liberator x2  
  136  15:27  Marine  
  136  15:28  Marauder x2, Marine x7  
  149  15:40  Liberator x2  
  149  15:45  Marine  
  149  15:46  Marine x7  
  149  15:48  Marine  
  149  15:49  Marine  
  147  16:02  Liberator  
  147  16:03  Marine  
  154  16:17  Marauder, Marine  
  154  16:18  Marauder  
  158  16:22  Advanced Ballistics  
  161  16:25  Missile Turret  
  161  16:28  Sensor Tower, Barracks  
  161  16:43  Siege Tank  
  164  16:54  Planetary Fortress  
  148  17:15  Factory  
  148  17:18  Factory  
  148  17:21  SCV x2  
  148  17:22  SCV  
  151  17:26  Planetary Fortress  
  151  17:33  SCV x2  
  151  17:34  SCV  
  153  17:45  SCV x2  
  153  17:46  SCV  
  149  17:51  Bunker  
  149  17:57  SCV  
  149  17:58  SCV x2  
  141  18:09  SCV  
  141  18:10  SCV x2  
  144  18:22  Command Center  
  144  18:34  Liberator x2  
  144  18:35  Liberator x2  
  144  18:42  Supply Depot  
  144  18:44  Supply Depot  
  144  18:46  Factory Tech Lab  
  144  18:48  Factory Tech Lab  
  144  18:50  Battlecruiser  
  144  18:55  Marauder  
  164  19:03  Marine x6  
  164  19:04  Marauder  
  164  19:06  Siege Tank, Marine x2  
  177  19:16  Marauder  
  171  19:34  Viking x2  
  171  19:35  Viking x2  
  179  19:43  Missile Turret  
  179  19:47  Command Center  
  179  19:50  Missile Turret  
  179  19:51  Planetary Fortress, Missile Turret  
  179  19:54  Viking  
  179  19:57  Barracks Reactor x2  
  179  19:58  Barracks Reactor  
  181  20:03  Siege Tank  
  184  20:35  Liberator x3  
  164  20:53  Viking, Battlecruiser  
  181  21:02  Terran Vehicle And Ship Armor Level 1, Terran Vehicle Weapons Level 1  
  181  21:04  Terran Ship Weapons Level 2  
  181  21:25  Viking  
  183  21:35  Viking x3  
  189  21:55  Viking  
  189  21:57  Viking  
  193  22:05  Viking x2  
  187  22:33  Command Center  
  187  22:37  Sensor Tower  
  187  22:39  Siege Tank x3  
  187  22:40  Sensor Tower  
  187  22:42  Command Center  
  196  22:44  Command Center  
  193  23:32  Liberator  
  193  23:33  Liberator x2  
  171  23:49  Viking x2  
  160  24:19  Viking x2  
  155  24:32  Viking  
  157  24:39  Viking  
  157  24:40  Viking  
  161  24:49  Viking x2  
  165  25:02  Viking, Liberator x2  
  167  25:09  Viking  
  167  25:10  Viking  
  171  25:14  Terran Vehicle And Ship Armor Level 2, Terran Ship Weapons Level 3  
  171  25:15  Liberator  
  168  25:22  Liberator x2  
  144  25:42  Siege Tank x2  
  128  26:01  Liberator x2  
  118  26:29  Viking  
  118  26:30  Command Center  
  118  26:32  Command Center  
  120  26:34  Marine  
  120  26:35  Marine x13  
  134  26:52  Marine  
  134  26:53  Refinery x2, Marine x13  
  148  27:09  Orbital Command  
  148  27:14  Command Center  
  150  27:23  Marauder  
  142  27:47  Marine  
  142  27:48  Marine x6  
  137  28:12  Refinery  
  137  28:18  Sensor Tower  
  133  28:37  Marauder  
  133  28:38  Marauder  
  129  28:55  Marine  
  129  28:56  Marine x11  
  129  28:58  Marauder, Marine  
  141  29:11  Command Center  
  141  29:13  Marine  
  141  29:14  Marine x6  
  141  29:16  Starport Tech Lab  
  148  29:53  Orbital Command  
  148  29:59  Command Center  
  148  30:06  Viking  
  150  30:07  Viking, Command Center  
  152  30:17  Command Center  
  148  30:47  Marauder x2, Marine x3  
  134  30:52  Thor x2  
  137  31:08  Marauder x2  
  132  31:12  Marine  
  132  31:13  Marine x8  
  132  31:15  Marine  
  124  31:24  Marine  
  125  31:26  Medivac x2  
  125  31:30  Marauder  
  131  31:37  Planetary Fortress  
  131  31:42  Marine  
  132  31:49  Siege Tank  
  132  31:50  Siege Tank  
  138  32:05  Marine  
  138  32:06  Marauder, Marine  
  99  32:25  Marine  
  99  32:26  Marine x12  
  99  32:27  Marine  
  82  32:43  Marine  
  82  32:44  Barracks, Marine x2  
  83  32:46  Refinery, Barracks  
  83  32:47  Missile Turret x2, Barracks  
  83  32:48  Refinery  
  83  33:08  Marine x11  
  83  33:09  Marine  
  85  33:26  Viking  
  85  33:27  Viking  
  80  33:31  Marine  
  80  33:32  Marine x3  
  79  33:43  Viking  
  61  34:15  Siege Tank x2  
  61  34:16  Marine  
  61  34:17  Marine x6  
  68  34:40  Barracks Tech Lab x2  
  68  34:41  Marine  
  68  34:42  Marine x4  
  68  34:44  Orbital Command  
  73  35:00  Viking x4  
  73  35:04  Marine  
  82  35:10  Siege Tank  
  82  35:12  Siege Tank  
  88  35:16  Marauder  
  88  35:17  Marine  
  88  35:21  Marauder, Marine x2  
  93  35:27  Marine x3  
  93  35:28  Marine x2  
  99  35:29  Marine  
  99  35:35  Marine x3  
  102  35:40  Orbital Command  
  104  35:51  Siege Tank x2  
  104  35:54  Marine  
  104  35:55  Marine  
  101  36:08  Missile Turret x2  
  99  36:30  Marine  
  99  36:31  Marine x10  
  87  36:44  Missile Turret  
  87  36:47  Barracks  
  87  36:53  Missile Turret  
  86  37:05  Marine  
  86  37:06  Marine x3  
  79  37:37  Missile Turret  
  79  37:38  Missile Turret x2  
  79  37:40  Missile Turret  
  77  37:49  Thor x2  
  77  37:51  Marauder x3  
  95  37:52  Marine  
  90  38:38  Viking x2  
  90  38:39  Viking x3  
  85  39:08  Viking  
  85  39:09  Marine  
  81  39:10  Marine x5  
  82  39:49  Missile Turret  
  82  39:50  Missile Turret x2  
  58  40:21  Marine  
  58  40:22  Marine x7  
  60  40:57  Marine x5  
  64  41:17  Missile Turret  
  60  41:37  Missile Turret  
  60  41:38  Marine  
  61  41:40  Marine  
  61  41:44  Marine  
  61  41:45  Marine  
  61  41:46  Marine  
  65  41:48  Marine  
  65  41:50  Marine  
  65  41:51  Marine  
Tags
 
League
Platinum
Matchup
TvZ
Replay Pack
r1
Spawn Locations
Cross Positions
Add a new tag
Caveats
  • Supply blocks, unpowered buildings, or Contaminate may cause inaccurate times.
  • Supply counts are checked every 10 seconds.